 Dungeon Crawl Stone Soup version 0.31-a0-216-g22e908daa7 (webtiles) character file.

Game seed: 4157299651414758238

110 qw the Shooter (level 4, 0/36 HPs)
             Began as a Minotaur Hexslinger on July 1, 2023.
             Slain by a worm (5 damage)
             ... on level 3 of the Dungeon.
             The game lasted 00:00:38 (1370 turns).

qw the Shooter (Minotaur Hexslinger)                Turns: 1370, Time: 00:00:39

Health: 0/36       AC: -2    Str: 19    XL:     4   Next: 61%
Magic:  4/4        EV: 11    Int: 10    God:
Gold:   52         SH:  0    Dex: 14    Spells: 4/5 levels left

rFire   . . .        Y - +3 sling
rCold   . . .        (no shield)
rNeg    + . .        h - +0 ring mail
rPois   .            (helmet restricted)
rElec   .            (no cloak)
rCorr   .            (no gloves)
SInv    .            (no boots)
Will    .....        (no amulet)
Stlth   +            a - +6 ring of strength
HPRegen 0.26/turn    c - ring of positive energy
MPRegen 0.09/turn

%: no passive effects
@: corroded
A: horns 2, retaliatory headbutt
a: no special abilities


You were on level 3 of the Dungeon.
You visited 1 branch of the dungeon, and saw 3 of its levels.

You collected 52 gold pieces.


Innate Abilities, Weirdness & Mutations

You have a pair of horns on your head.
You reflexively headbutt those who attack you in melee.


   Skills:
 + Level 2.1 Fighting
 - Level 5.1 Ranged Weapons
 - Level 0.1 Armour
 - Level 2.1 Dodging
 - Level 1.0 Spellcasting
 - Level 2.0 Hexes


You had 4 spell levels left.
You knew the following spells:

 Your Spells              Type           Power      Damage    Failure   Level
a - Slow                  Hex            16%        N/A       26%         1

Your spell library contained the following spells:

 Spells                   Type           Power      Damage    Failure   Level
 Inner Flame              Hex/Fire       2%         N/A       75%         3
 Portal Projectile        Hex/Tloc       4%         N/A       75%         3
 Cause Fear               Hex            2%         N/A       95%         4

Inventory:

Hand Weapons
 Y - a +3 sling (weapon)
Armour
 h - a +0 ring mail (worn)
 k - a +0 pair of gloves
Jewellery
 a - a +6 ring of strength (left hand)
 c - a ring of positive energy (right hand)
 f - a ring of flight
Potions
 b - a potion of mutation {unknown}
 d - a potion of attraction {unknown}
 g - a potion of haste {unknown}
 j - a potion of cancellation {unknown}
 m - a potion of magic {unknown}

Dungeon Overview and Level Annotations

Branches:
Dungeon (3/15)

Altars:


Message History

The worm is lightly wounded.
You shoot a sling bullet.
The sling bullet hits the worm but does no damage.
The worm is lightly wounded.
The worm bites you.
You shoot a sling bullet.
The sling bullet barely misses the worm.
The worm bites you!
1361 ||| DRINKING potion of heal wounds.
You feel much better.
You shoot a sling bullet. The sling bullet hits the worm.
The worm is lightly wounded.
The worm barely misses you.
You shoot a sling bullet. The sling bullet hits the worm.
The worm is moderately wounded.
The worm bites you!
You shoot a sling bullet.
The sling bullet hits the worm but does no damage.
The worm is lightly wounded.
The worm bites you.
You shoot a sling bullet.
The sling bullet barely misses the worm.
You shoot a sling bullet. The sling bullet hits the worm.
The worm is lightly wounded.
The worm bites you!
You shoot a sling bullet. The sling bullet hits the worm.
The worm is moderately wounded.
The worm barely misses you.
You shoot a sling bullet.
The sling bullet hits the worm but does no damage.
The worm is moderately wounded.
The worm barely misses you. You furiously retaliate!
You headbutt the worm, but do no damage.
You shoot a sling bullet.
The sling bullet hits the worm but does no damage.
The worm is moderately wounded.
You shoot a sling bullet. The sling bullet hits the worm.
The worm is heavily wounded.
The worm bites you.
You die...

####### ##.....## ....
##.......## ....
#.........# .....
#.........# .....
#.........# ......
#.........# ###......
#.........#####.w......
##..............@#
.#.........####### #####
...........# .....
...........# #.....
.#.........# ......
###........#######......
.......................
#####.##.###.......#
.####..#......#%.###


You could see a worm.

Vanquished Creatures
  A jelly (D:3)
  An iguana (D:3)
  A worm (D:2)
  2 dart slugs
  3 ball pythons
  3 endoplasms
  2 giant cockroaches (D:2)
  4 goblins
  8 hobgoblins
  2 jackals (D:2)
  6 kobolds
  2 quokkas (D:1)
  2 bats
  3 frilled lizards
  3 rats
43 creatures vanquished.

Notes
Turn   | Place    | Note
-------+----------+-------------------------------------------
     0 | D:1      | qw the Minotaur Hexslinger began the quest for the Orb.
     0 | D:1      | Reached XP level 1. HP: 16/16 MP: 1/1
     0 | D:1      | 0 ||| qw: Version: 0.3-a-34-gb2f95b8
     0 | D:1      | 0 ||| qw: Game counter: 7697
     0 | D:1      | 0 ||| qw: Melee chars always use a shield: true
     0 | D:1      | 0 ||| qw: God list: Okawaru
     0 | D:1      | 0 ||| qw: Allow faded altars: false
     0 | D:1      | 0 ||| qw: Do Orc after clearing Dungeon:15 true
     0 | D:1      | 0 ||| qw: Do second Lair branch before Depths: true
     0 | D:1      | 0 ||| qw: Lair rune preference: random
     0 | D:1      | 0 ||| qw: Goals: Normal
     0 | D:1      | 0 ||| PLANNING D:1-11
   202 | D:1      | Reached skill level 3 in Ranged Weapons
   320 | D:1      | Reached XP level 2. HP: 23/23 MP: 2/2
   560 | D:1      | 560 ||| UPGRADING to +0 ring mail.
   570 | D:1      | 570 ||| DROPPING +0 robe.
   571 | D:1      | 571 ||| READING scroll labelled ZOCVAY RIETUOXZERY.
   572 | D:1      | 572 ||| READING scroll labelled BUDITY YSKUTAH.
   573 | D:1      | 573 ||| READING scroll labelled DETHRY WOEHEDEA.
   574 | D:1      | 574 ||| READING scroll labelled IXA ONNOIROAGU.
   575 | D:1      | 575 ||| DROPPING scroll of poison.
   618 | D:2      | 618 ||| STAIRDANCE
   644 | D:2      | 644 ||| STAIRDANCE
   754 | D:2      | Reached XP level 3. HP: 15/29 MP: 3/3
   925 | D:2      | 925 ||| READING scroll of enchant weapon.
   925 | D:2      | 925 ||| ENCHANTING +2 sling.
  1057 | D:2      | Reached skill level 4 in Ranged Weapons
  1209 | D:2      | 1209 ||| UPGRADING to +6 ring of strength.
  1210 | D:2      | 1210 ||| UPGRADING to ring of positive energy.
  1211 | D:2      | 1211 ||| DRINKING 2 puce potions.
  1266 | D:3      | Reached XP level 4. HP: 29/36 MP: 4/4
  1350 | D:3      | Reached skill level 5 in Ranged Weapons
  1360 | D:3      | HP: 2/36 [worm (10)]
  1361 | D:3      | 1361 ||| DRINKING potion of heal wounds.
  1366 | D:3      | HP: 4/36 [worm (8)]
  1370 | D:3      | Slain by a worm

Levels and vault maps discovered:
D:1:      minmay_arrival_checkered_box, layout_loops_cross,
          hangedman_decor_diamond_cutter, minmay_surrounded
D:2:      layout_rooms, hangedman_decor_points
D:3:      layout_rooms, cheibrodos_worm_habitat,
          nemelex_xobeh_ov_fountains_minmay, zin_angel,
          shapermc_ecumenical_altar_ellora

Skill      XL: |  1  2  3  4 |
---------------+-------------+-----
Ranged Weapons | 3 4 5 |  5.1
Fighting       | 2 |  2.1
Armour         | |  0.1
Dodging        | |  2.1
Spellcasting   | |  1.0
Hexes          | |  2.0

Action                     |  1- 3 |  4- 6 || total
---------------------------+-------+-------++-------
   Fire: Sling             |   113 |    27 ||   140
    Use: Scroll            |     5 |       ||     5
         Potion            |     1 |     1 ||     2
 Armour: Ring mail         |    38 |     1 ||    39
  Dodge: Dodged            |    37 |     9 ||    46

Table legend:
 A = Non-vault XP
 B = Vault XP
 C = Vault XP percentage of total XP
 D = Non-vault monster count
 E = Vault monster count
 F = Vault count percentage of total count
                 A         B        C        D         E       F
            +---------+---------+-------+---------+---------+-------
      Total |     154 |       4 |   2.5 |      41 |       2 |   4.7
            +---------+---------+-------+---------+---------+-------
        D:1 |      16 |       4 |  20.0 |       8 |       2 |  20.0
        D:2 |      47 |       0 |   0.0 |      24 |       0 |   0.0
        D:3 |      91 |       0 |   0.0 |       9 |       0 |   0.0
            +---------+---------+-------+---------+---------+-------
